3493 views
Uploaded 2020-08-10 08:45:48
Game version 1.32.6 / 1.32.7
6:10 long 4on4 custom game on (8)Cherryville
Game name "W3Champions-s2-20-100002"
Saved by sockpuppet
3493 views
Uploaded 2020-08-10 08:45:48
Game version 1.32.6 / 1.32.7
6:10 long 4on4 custom game on (8)Cherryville
Game name "W3Champions-s2-20-100002"


71 units @ 8k
/ 0.5k
40 buildings @ 5.8k
/ 1.5k

| Rod of Necromancy | 1 | 150 |
| Sacrificial Skull | 1 | 50 |
| total: | 2 | 200g |
| Acolyte | 7 | 525 | / | 0 |
| Ghoul | 2 | 240 | / | 0 |
| Crypt Fiend | 3 | 645 | / | 120 |
| total: | 12 | 1410g | / | 120w |
| Nerubian Tower | 1 | 100 | / | 20 |
| Spirit Tower | 1 | 145 | / | 40 |
| Graveyard | 1 | 215 | / | 0 |
| Crypt | 1 | 200 | / | 50 |
| Altar of Darkness | 1 | 180 | / | 50 |
| Ziggurat | 5 | 750 | / | 250 |
| Tomb of Relics | 1 | 130 | / | 30 |
| Necropolis | 1 | 225 | / | 0 |
| Halls of the Dead | 1 | 320 | / | 210 |
| total: | 10 | 1700g | / | 380w |
| 0:01 | Acolyte |
| 0:06 | Acolyte |
| 0:11 | Graveyard |
| 0:18 | Crypt |
| 0:41 | Altar of Darkness |
| 0:54 | Ziggurat |
| 1:19 | Ghoul |
| 1:21 | Tomb of Relics |
| 1:46 | Crypt Fiend |
| 1:59 | Ziggurat |
| 2:19 | Crypt Fiend |
| 2:43 | Carrion Beetles |
| 2:44 | Rod of Necromancy |
| 2:46 | Sacrificial Skull |
| 3:00 | Crypt Fiend |
| 3:09 | Acolyte |
| 3:31 | Ghoul |
| 3:34 | Acolyte |
| 3:35 | Acolyte |
| 3:54 | Acolyte |
| 3:56 | Impale |
| 4:23 | Acolyte |
| 4:41 | Halls of the Dead |
| 4:54 | Ziggurat |
| 5:10 | Nerubian Tower |
| 5:14 | Ziggurat |
| 5:20 | Carrion Beetles |
| 5:37 | Necropolis |
| 6:01 | Ziggurat |
| 6:03 | Spirit Tower |
| Select group | 761 |
| Right click | 288 |
| Assign group | 90 |
| Select | 87 |
| Chat | 36 |
| Build/train/purchase | 34 |
| Misc. action | 16 |
| Use ability | 3 |
| Minimap ping | 2 |

| Rod of Necromancy | 1 | 150 |
| Sacrificial Skull | 1 | 50 |
| total: | 2 | 200g |
| Acolyte | 8 | 600 | / | 0 |
| Ghoul | 4 | 480 | / | 0 |
| Crypt Fiend | 4 | 860 | / | 160 |
| total: | 16 | 1940g | / | 160w |
| Graveyard | 1 | 215 | / | 0 |
| Crypt | 1 | 200 | / | 50 |
| Altar of Darkness | 1 | 180 | / | 50 |
| Ziggurat | 3 | 450 | / | 150 |
| Tomb of Relics | 1 | 130 | / | 30 |
| Necropolis | 1 | 225 | / | 0 |
| Halls of the Dead | 1 | 320 | / | 210 |
| total: | 8 | 1400g | / | 280w |
| 0:03 | Acolyte |
| 0:03 | Acolyte |
| 0:09 | Graveyard |
| 0:20 | Crypt |
| 0:41 | Altar of Darkness |
| 0:58 | Ziggurat |
| 1:25 | Ghoul |
| 1:43 | Tomb of Relics |
| 1:49 | Ghoul |
| 1:54 | Ziggurat |
| 2:01 | Crypt Fiend |
| 2:31 | Crypt Fiend |
| 2:48 | Rod of Necromancy |
| 2:50 | Carrion Beetles |
| 2:52 | Acolyte |
| 3:01 | Sacrificial Skull |
| 3:17 | Crypt Fiend |
| 3:54 | Necropolis |
| 4:07 | Ghoul |
| 4:15 | Ghoul |
| 4:24 | Impale |
| 4:48 | Halls of the Dead |
| 5:22 | Ziggurat |
| 5:37 | Carrion Beetles |
| 5:44 | Crypt Fiend |
| 5:46 | Acolyte |
| 5:46 | Acolyte |
| 5:47 | Acolyte |
| 5:47 | Acolyte |
| 5:47 | Acolyte |
| Right click | 147 |
| Select | 102 |
| Assign group | 77 |
| Select group | 44 |
| Build/train/purchase | 29 |
| Minimap ping | 5 |
| Use ability | 4 |
| Misc. action | 2 |
| Esc | 2 |
| Remove unit | 1 |

| Rod of Necromancy | 1 | 150 |
| total: | 1 | 150g |
| Acolyte | 2 | 150 | / | 0 |
| Ghoul | 2 | 240 | / | 0 |
| Crypt Fiend | 6 | 1290 | / | 240 |
| total: | 10 | 1680g | / | 240w |
| Nerubian Tower | 1 | 100 | / | 20 |
| Graveyard | 1 | 215 | / | 0 |
| Crypt | 1 | 200 | / | 50 |
| Altar of Darkness | 1 | 180 | / | 50 |
| Ziggurat | 3 | 450 | / | 150 |
| Tomb of Relics | 1 | 130 | / | 30 |
| Halls of the Dead | 1 | 320 | / | 210 |
| total: | 7 | 1175g | / | 280w |
| 0:02 | Acolyte |
| 0:04 | Graveyard |
| 0:07 | Crypt |
| 0:16 | Acolyte |
| 0:38 | Altar of Darkness |
| 0:54 | Ziggurat |
| 1:08 | Ghoul |
| 1:19 | Tomb of Relics |
| 1:45 | Crypt Fiend |
| 1:55 | Ziggurat |
| 2:06 | Nerubian Tower |
| 2:27 | Crypt Fiend |
| 2:43 | Death Coil |
| 2:44 | Rod of Necromancy |
| 3:04 | Crypt Fiend |
| 3:53 | Halls of the Dead |
| 4:01 | Ghoul |
| 4:13 | Unholy Aura |
| 4:25 | Crypt Fiend |
| 4:45 | Crypt Fiend |
| 4:52 | Creature Attack |
| 4:55 | Ziggurat |
| 6:04 | Crypt Fiend |
| Select group | 1114 |
| Right click | 585 |
| Select | 104 |
| Misc. action | 60 |
| Assign group | 23 |
| Build/train/purchase | 23 |
| Use ability | 4 |

| Scroll of Regeneration | 2 | 200 |
| Lesser Clarity Potion | 1 | 70 |
| total: | 3 | 270g |
| Peasant | 25 | 1875 | / | 0 |
| Footman | 8 | 1080 | / | 0 |
| total: | 33 | 2955g | / | 0w |
| Scout Tower | 5 | 150 | / | 100 |
| Arcane Tower | 2 | 140 | / | 100 |
| Guard Tower | 4 | 280 | / | 200 |
| Altar of Kings | 1 | 180 | / | 50 |
| Farm | 4 | 320 | / | 80 |
| Barracks | 1 | 160 | / | 60 |
| Arcane Vault | 2 | 260 | / | 60 |
| Town Hall | 1 | 385 | / | 205 |
| Lumber Mill | 1 | 120 | / | 0 |
| Keep | 3 | 960 | / | 630 |
| total: | 15 | 1575g | / | 555w |
| 0:01 | Peasant |
| 0:01 | Peasant |
| 0:02 | Altar of Kings |
| 0:17 | Farm |
| 0:18 | Barracks |
| 0:21 | Peasant |
| 0:21 | Peasant |
| 0:38 | Peasant |
| 0:54 | Peasant |
| 1:02 | Farm |
| 1:06 | Peasant |
| 1:13 | Peasant |
| 1:20 | Footman |
| 1:39 | Footman |
| 1:41 | Farm |
| 1:47 | Peasant |
| 1:47 | Peasant |
| 1:48 | Peasant |
| 1:48 | Peasant |
| 1:48 | Peasant |
| 1:48 | Peasant |
| 2:00 | Peasant |
| 2:04 | Storm Bolt |
| 2:08 | Footman |
| 2:24 | Peasant |
| 2:34 | Peasant |
| 2:47 | Arcane Vault |
| 2:50 | Arcane Vault |
| 2:53 | Scout Tower |
| 2:54 | Peasant |
| 3:04 | Bash |
| 3:15 | Scroll of Regeneration |
| 3:21 | Town Hall |
| 3:22 | Peasant |
| 3:22 | Peasant |
| 3:45 | Arcane Tower |
| 3:57 | Footman |
| 3:57 | Footman |
| 4:31 | Footman |
| 4:41 | Lumber Mill |
| 4:43 | Peasant |
| 4:59 | Keep |
| 5:02 | Scroll of Regeneration |
| 5:02 | Lesser Clarity Potion |
| 5:08 | Peasant |
| 5:08 | Peasant |
| 5:10 | Footman |
| 5:11 | Footman |
| 5:15 | Scout Tower |
| 5:17 | Scout Tower |
| 5:24 | Scout Tower |
| 5:31 | Peasant |
| 5:31 | Peasant |
| 5:34 | Farm |
| 5:57 | Guard Tower |
| 5:58 | Scout Tower |
| 6:00 | Arcane Tower |
| 6:03 | Guard Tower |
| Select group | 598 |
| Right click | 368 |
| Select | 181 |
| Build/train/purchase | 53 |
| Assign group | 13 |
| Misc. action | 10 |
| Use ability | 8 |
| Item give/drop | 1 |
| Esc | 1 |
65 units @ 9.1k
/ 0.8k
31 buildings @ 5.5k
/ 1.6k

| Healing Salve | 2 | 200 |
| Lesser Clarity Potion | 2 | 140 |
| total: | 4 | 340g |
| Peon | 9 | 675 | / | 0 |
| Grunt | 9 | 1800 | / | 0 |
| Goblin Shredder | 6 | 2250 | / | 600 |
| total: | 24 | 4725g | / | 600w |
| Barracks | 1 | 180 | / | 50 |
| Orc Burrow | 3 | 480 | / | 120 |
| Altar of Storms | 1 | 180 | / | 50 |
| Voodoo Lounge | 1 | 130 | / | 30 |
| Great Hall | 1 | 385 | / | 185 |
| Stronghold | 1 | 315 | / | 190 |
| total: | 7 | 1355g | / | 435w |
| 0:01 | Peon |
| 0:01 | Peon |
| 0:07 | Barracks |
| 0:18 | Orc Burrow |
| 0:28 | Peon |
| 0:38 | Peon |
| 0:48 | Altar of Storms |
| 0:56 | Peon |
| 1:09 | Grunt |
| 1:09 | Grunt |
| 1:09 | Grunt |
| 1:30 | Orc Burrow |
| 1:38 | Grunt |
| 1:38 | Grunt |
| 1:52 | Voodoo Lounge |
| 2:20 | Grunt |
| 2:20 | Grunt |
| 2:20 | Grunt |
| 2:20 | Grunt |
| 2:21 | Peon |
| 2:29 | Peon |
| 2:55 | Healing Salve |
| 2:55 | Lesser Clarity Potion |
| 2:57 | Peon |
| 3:13 | Hex |
| 3:45 | Great Hall |
| 3:48 | Healing Wave |
| 4:19 | Peon |
| 4:27 | Healing Salve |
| 4:27 | Lesser Clarity Potion |
| 4:34 | Stronghold |
| 4:50 | Orc Burrow |
| 5:13 | Goblin Shredder |
| 5:13 | Goblin Shredder |
| 5:13 | Goblin Shredder |
| 5:13 | Goblin Shredder |
| 5:13 | Goblin Shredder |
| 5:13 | Goblin Shredder |
| Select group | 407 |
| Chat | 396 |
| Right click | 203 |
| Assign group | 104 |
| Select | 76 |
| Build/train/purchase | 38 |
| Misc. action | 18 |
| Use ability | 6 |
| Esc | 2 |
| Item give/drop | 1 |
| Minimap ping | 1 |

| Rod of Necromancy | 1 | 150 |
| total: | 1 | 150g |
| Acolyte | 3 | 225 | / | 0 |
| Ghoul | 3 | 360 | / | 0 |
| Crypt Fiend | 1 | 215 | / | 40 |
| total: | 7 | 800g | / | 40w |
| Crypt | 1 | 200 | / | 50 |
| Graveyard | 1 | 215 | / | 0 |
| Ziggurat | 2 | 300 | / | 100 |
| Altar of Darkness | 1 | 180 | / | 50 |
| Tomb of Relics | 1 | 130 | / | 30 |
| Necropolis | 1 | 225 | / | 0 |
| Halls of the Dead | 1 | 320 | / | 210 |
| total: | 7 | 1250g | / | 230w |
| 0:04 | Acolyte |
| 0:04 | Acolyte |
| 0:07 | Crypt |
| 0:19 | Graveyard |
| 0:39 | Ziggurat |
| 1:04 | Altar of Darkness |
| 1:12 | Ghoul |
| 1:39 | Ghoul |
| 2:00 | Tomb of Relics |
| 2:06 | Ghoul |
| 2:16 | Ziggurat |
| 2:18 | Acolyte |
| 3:13 | Death Coil |
| 3:15 | Halls of the Dead |
| 3:18 | Rod of Necromancy |
| 3:21 | Crypt Fiend |
| 4:58 | Necropolis |
| Select group | 256 |
| Right click | 255 |
| Select | 52 |
| Minimap ping | 27 |
| Chat | 20 |
| Build/train/purchase | 14 |
| Assign group | 10 |
| Use ability | 3 |

| Peasant | 15 | 1125 | / | 0 |
| Footman | 6 | 810 | / | 0 |
| total: | 21 | 1935g | / | 0w |
| Altar of Kings | 1 | 180 | / | 50 |
| Barracks | 1 | 160 | / | 60 |
| Farm | 4 | 320 | / | 80 |
| Town Hall | 2 | 770 | / | 410 |
| Lumber Mill | 1 | 120 | / | 0 |
| total: | 9 | 1550g | / | 600w |
| 0:03 | Peasant |
| 0:03 | Peasant |
| 0:09 | Altar of Kings |
| 0:16 | Peasant |
| 0:20 | Barracks |
| 0:23 | Farm |
| 0:37 | Peasant |
| 0:50 | Farm |
| 0:58 | Peasant |
| 1:05 | Peasant |
| 1:26 | Footman |
| 1:34 | Farm |
| 1:40 | Footman |
| 1:45 | Peasant |
| 2:02 | Footman |
| 2:06 | Peasant |
| 2:21 | Footman |
| 2:23 | Blizzard |
| 2:45 | Footman |
| 3:19 | Peasant |
| 3:19 | Peasant |
| 3:27 | Town Hall |
| 3:39 | Brilliance Aura |
| 3:51 | Farm |
| 4:35 | Peasant |
| 4:35 | Peasant |
| 4:35 | Peasant |
| 4:36 | Peasant |
| 4:36 | Peasant |
| 5:03 | Lumber Mill |
| 5:07 | Footman |
| 5:24 | Town Hall |
| Right click | 184 |
| Select | 91 |
| Build/train/purchase | 30 |
| Select group | 20 |
| Misc. action | 8 |
| Assign group | 7 |
| Use ability | 5 |

| Rod of Necromancy | 1 | 150 |
| Sacrificial Skull | 1 | 50 |
| total: | 2 | 200g |
| Acolyte | 7 | 525 | / | 0 |
| Ghoul | 2 | 240 | / | 0 |
| Crypt Fiend | 4 | 860 | / | 160 |
| total: | 13 | 1625g | / | 160w |
| Nerubian Tower | 3 | 300 | / | 60 |
| Graveyard | 1 | 215 | / | 0 |
| Crypt | 1 | 200 | / | 50 |
| Ziggurat | 4 | 600 | / | 200 |
| Altar of Darkness | 1 | 180 | / | 50 |
| Tomb of Relics | 1 | 130 | / | 30 |
| total: | 8 | 1325g | / | 330w |
| 0:02 | Acolyte |
| 0:07 | Graveyard |
| 0:11 | Crypt |
| 0:18 | Acolyte |
| 0:39 | Ziggurat |
| 0:55 | Altar of Darkness |
| 1:16 | Ghoul |
| 1:35 | Crypt Fiend |
| 1:42 | Tomb of Relics |
| 1:58 | Ziggurat |
| 2:08 | Nerubian Tower |
| 2:30 | Crypt Fiend |
| 2:31 | Crypt Fiend |
| 2:46 | Ghoul |
| 3:04 | Rod of Necromancy |
| 3:08 | Carrion Beetles |
| 3:15 | Sacrificial Skull |
| 3:20 | Acolyte |
| 3:40 | Acolyte |
| 3:57 | Acolyte |
| 3:57 | Acolyte |
| 4:17 | Ziggurat |
| 4:23 | Acolyte |
| 4:29 | Ziggurat |
| 4:39 | Impale |
| 4:54 | Crypt Fiend |
| 5:09 | Nerubian Tower |
| Right click | 298 |
| Select | 92 |
| Select group | 85 |
| Build/train/purchase | 35 |
| Assign group | 31 |
| Chat | 27 |
| Misc. action | 20 |
| Use ability | 5 |
| Esc | 1 |
⇛